 Dungeon Sprint DCSS version bcrawl-1.21.2-28-g2cb1824106 (webtiles) character file.

Game seed: 15936247541269887931

6268 Groucho the Unseen (level 10, -4/58 HPs)
             Began as a Felid Monk on Mar 18, 2020.
             Was the Champion of Uskayaw.
             Slain by a stone giant (22 damage)
             ... in the Dungeon (Sprint IX: "|||||||||||||||||||||||||||||").
             The game lasted 00:09:09 (2225 turns).

Groucho the Unseen (Felid Monk)                     Turns: 2225, Time: 00:09:10

Health: -4/58      AC:  2    Str:  5    XL:     10   Next: 94%
Magic:  14/21      EV: 35    Int: 14    God:    Uskayaw [******]
Gold:   1250       SH:  0    Dex: 22    Spells: 9/9 levels left
                                        Lives:  0   Deaths: 3

rFire    + . .     SeeInvis +     - Unarmed
rCold    . . .     Gourm    .   (shield unavailable)
rNeg     . . .     Faith    .   (armour unavailable)
rPois    +         Spirit   .   (helmet unavailable)
rElec    .         Reflect  .   (cloak restricted)
rCorr    .         Harm     .   (gloves unavailable)
MR       +....     NoTele   +   (boots unavailable)
Stlth    ++++++++..             (no amulet)
HPRegen  0.19/turn              r - ring of protection from fire
MPRegen  0.17/turn              t - ring of poison resistance

@: quick
A: very small, no armour, no weapons or thrown items, stealth, claws 1, fangs 3,
see invisible, carnivore, clever 1, speed 1, shaggy fur 2, slow metabolism 1,
weak 1, sharp paws
a: Stomp, Line Pass, Grand Finale, Renounce Religion


You were in the Dungeon.
You worshipped Uskayaw.
Uskayaw was pleased with you.
You were not hungry.

You visited 1 branch You collected 1250 gold pieces.

Inventory:

Jewellery
 a - an uncursed amulet of guardian spirit
 m - a +3 ring of intelligence
 n - a +3 ring of dexterity
 r - a ring of protection from fire (left paw)
 s - an uncursed ring of protection from magic
 t - a ring of poison resistance (right paw)
 u - an uncursed ring of see invisible
Wands
 l - a wand of iceblast (10)
Scrolls
 h - 3 scrolls of blinking
 i - 2 scrolls of identify
 j - 5 scrolls of remove curse
 k - 2 scrolls of amnesia
Potions
 b - a potion of haste
 c - 6 potions of curing
 d - a potion of lignification
 f - 4 potions of magic
 g - 2 potions of berserk rage
 p - 6 potions of heal wounds
 q - a potion of might
Comestibles
 e - 11 rations {!d}
 o - 7 chunks of flesh


   Skills:
 + Level 9.2 Fighting
 + Level 17.0 Dodging
 + Level 18.1 Stealth
 + Level 15.8 Unarmed Combat
 + Level 14.1 Invocations


You had 9 spell levels left.
You didn't know any spells.
Your spell library was empty.

Dungeon Overview and Level Annotations

Branches:
Dungeon (1/1)

Altars:
Cheibriados
Dithmenos
Elyvilon
Fedhas
Gozag
Hepliaklqana
Kikubaaqudgha
Lugonu
Makhleb
Nemelex Xobeh
Okawaru
Qazlal
Ru
Sif Muna
Trog
Uskayaw
Vehumet
Wu Jian
Xom
Yredelemnul
Zin
The Shining One
Beogh
Jiyva

Shops:
D [(*(


Innate Abilities, Weirdness & Mutations

You cannot wear almost all types of armour.
You are incapable of wielding weapons or throwing items.
Your paws allow you to move quietly. (Stealth)
You have sharp claws.
You have razor-sharp teeth.
You have supernaturally acute eyesight. (SInv)
You are carnivorous and can eat meat at any time.
You cover ground quickly.
You are covered in thick fur. (AC +2)
You have a slow metabolism.
Your sharp claws are effective at attacking unaware monsters.
Your mind is acute. (Int +2)
You are weak. (Str -2)


Message History

The ice dragon appears confused.
You feel somewhat more hungry.
The ice dragon bites the stone giant.
The ice dragon claws the stone giant!
The ice dragon tramples the stone giant!
The stone giant holds its ground!
The ice dragon bites itself.
The ice dragon barely misses itself.
The ice dragon tramples itself but does no damage.
The boggart gestures wildly while chanting.
The stone giant barely misses the ice dragon.
You barely miss the ice dragon.
You bite the ice dragon, but do no damage.
The ice dragon is heavily wounded.
You catch the helpless ice dragon completely off-guard!
You eviscerate the ice dragon!!!
You kill the ice dragon!
You catch the helpless stone giant completely off-guard!
You eviscerate the stone giant!!!
The stone giant is almost dead.
The stone giant seems less confused.
The fire giant seems less confused.
The stone giant hits you!!
You die...

▓▓▓▓▓▓▓▓▓▓▓▓▓▓▓▓▓▓▓▓▓▓▓▓▓▓▓▓
[[[........?.'†.@CCTg.gb.TG.
▓▓▓▓▓▓▓▓▓▓▓▓▓▓▓▓▓▓▓▓▓▓▓▓▓▓▓▓
▓▓▓▓▓▓▓▓▓▓▓▓▓▓▓▓▓▓▓▓▓▓▓▓
...........'$T$T$TCT$TTT
▓▓▓▓▓▓▓▓▓▓▓▓▓▓▓▓▓▓▓▓▓▓▓▓▓▓▓▓▓▓▓▓▓
.................................
▓▓▓▓▓▓▓▓▓▓▓▓▓▓▓▓▓▓▓▓▓▓▓▓▓▓▓▓▓▓▓▓▓
..'.........'........[?).'..[[[[.


You could see a fire giant, a stone giant, a deep troll earth mage, a boggart, a
goblin and a bat.

Vanquished Creatures
  2 hydras (D)
  An ice dragon (D)
  An alligator (D)
  A two-headed ogre (D)
  An ogre mage (D)
  An unseen horror (D)
  An orc knight (D)
  A cyclops (D)
  A black mamba (D)
  A cane toad (D)
  An elephant (D)
  A komodo dragon (D)
  An efreet (D)
  3 trolls (D)
  4 polar bears (D)
  A wyvern (D)
  A yak (D)
  2 crocodiles (D)
  4 water moccasins (D)
  3 porcupines (D)
  11 orc warriors (D)
  A sky beast (D)
  4 black bears (D)
  3 bullfrogs (D)
  2 orc priests (D)
  5 orc wizards (D)
  An iguana (D)
  A worker ant (D)
  A gnoll (D)
  An adder (D)
  9 orcs (D)
  A hobgoblin (D)
  A jackal (D)
  A ball python (D)
  A ball python skeleton (D)
  2 kobolds (D)
  A leopard gecko simulacrum (D)
  A quokka skeleton (D)
79 creatures vanquished.

Vanquished Creatures (others)
  A yak (D)
  An adder skeleton (D)
2 creatures vanquished.

Grand Total: 81 creatures vanquished

Notes
Turn   | Place    | Note
-------+----------+-------------------------------------------
     0 | D        | Groucho the Felid Monk began the quest for the Orb.
     0 | D        | Reached XP level 1. HP: 12/12 MP: 3/3
    79 | D        | Reached skill level 4 in Stealth
    79 | D        | Reached XP level 2. HP: 17/17 MP: 4/4
    79 | D        | Reached skill level 6 in Stealth
    79 | D        | Reached skill level 5 in Unarmed Combat
    79 | D        | Reached XP level 3. HP: 21/21 MP: 5/5
    79 | D        | Noticed a sky beast
    79 | D        | Reached XP level 4. HP: 26/26 MP: 6/6
    98 | D        | Killed a sky beast
   114 | D        | Found a roughly hewn altar of Beogh.
   114 | D        | Found a snail-covered altar of Cheibriados.
   114 | D        | Found a shadowy altar of Dithmenos.
   114 | D        | Found a white marble altar of Elyvilon.
   114 | D        | Found a blossoming altar of Fedhas.
   114 | D        | Found an opulent altar of Gozag.
   115 | D        | Found a hazy altar of Hepliaklqana.
   116 | D        | Found a viscous altar of Jiyva.
   117 | D        | Found an ancient bone altar of Kikubaaqudgha.
   118 | D        | Found a corrupted altar of Lugonu.
   123 | D        | Found a burning altar of Makhleb.
   124 | D        | Found a sparkling altar of Nemelex Xobeh.
   125 | D        | Found an iron altar of Okawaru.
   126 | D        | Found a stormy altar of Qazlal.
   127 | D        | Found a sacrificial altar of Ru.
   128 | D        | Found a shimmering blue altar of Sif Muna.
   129 | D        | Found a bloodstained altar of Trog.
   130 | D        | Found a hide-covered altar of Uskayaw.
   131 | D        | Found a radiant altar of Vehumet.
   132 | D        | Found an ornate altar of the Wu Jian Council.
   133 | D        | Found a shimmering altar of Xom.
   134 | D        | Found a basalt altar of Yredelemnul.
   135 | D        | Found a glowing silver altar of Zin.
   136 | D        | Found a glowing golden altar of the Shining One.
   144 | D        | Became a worshipper of Uskayaw the Reveler
   144 | D        | Reached * piety under Uskayaw
   271 | D        | Reached skill level 7 in Stealth
   271 | D        | Reached XP level 5. HP: 30/30 MP: 6/9
   271 | D        | Noticed a yak
   271 | D        | Reached skill level 10 in Stealth
   271 | D        | Gained mutation: You are covered in thick fur. (AC +2)
                  | [Felid growth]
   271 | D        | Reached XP level 6. HP: 34/34 MP: 6/11
   271 | D        | Noticed a cyclops
   271 | D        | Reached skill level 10 in Dodging
   271 | D        | Reached XP level 7. HP: 38/38 MP: 6/13
   271 | D        | Noticed a yak
   271 | D        | Reached skill level 11 in Stealth
   271 | D        | Noticed an efreet
   273 | D        | Reached ** piety under Uskayaw
   275 | D        | Killed a yak
   294 | D        | Reached *** piety under Uskayaw
   295 | D        | Killed a cyclops
   297 | D        | Reached **** piety under Uskayaw
   299 | D        | Killed a yak
   303 | D        | Reached ***** piety under Uskayaw
   305 | D        | Killed an efreet
   310 | D        | Reached skill level 10 in Unarmed Combat
   310 | D        | Noticed a slime creature
   316 | D        | Slain by an orc warrior
   317 | D        | Reached XP level 6. HP: -1/34 MP: 4/13
   320 | D        | Reached skill level 12 in Stealth
   320 | D        | Noticed a black bear
   320 | D        | Reached XP level 7. HP: 38/38 MP: 14/14
   320 | D        | Noticed a polar bear
   322 | D        | Noticed a polar bear
   323 | D        | Noticed a polar bear
   325 | D        | Reached XP level 8. HP: 42/42 MP: 14/16
   326 | D        | Killed a polar bear
   327 | D        | Reached skill level 13 in Stealth
   327 | D        | Noticed a polar bear
   347 | D        | Reached ****** piety under Uskayaw
   358 | D        | Killed a polar bear
   368 | D        | Killed a polar bear
   376 | D        | Slain by a black bear
   377 | D        | Reached XP level 7. HP: -1/38 MP: 8/15
   435 | D        | Killed a polar bear
   709 | D        | Reached skill level 10 in Invocations
   709 | D        | Reached XP level 8. HP: 42/42 MP: 16/16
   709 | D        | Noticed an alligator
   709 | D        | Reached skill level 14 in Stealth
   709 | D        | Noticed a four-headed hydra
   709 | D        | Noticed a wyvern
   712 | D        | Noticed an elephant
   713 | D        | Killed a wyvern
   715 | D        | Killed a four-headed hydra
   720 | D        | Killed an alligator
   727 | D        | Killed an elephant
   882 | D        | Reached XP level 9. HP: 46/46 MP: 18/18
   882 | D        | Noticed a komodo dragon
   882 | D        | Reached skill level 15 in Stealth
   882 | D        | Noticed a black mamba
   883 | D        | Noticed a cane toad
   889 | D        | Killed a black mamba
   894 | D        | Killed a komodo dragon
   901 | D        | Killed a cane toad
  1401 | D        | Gained mutation: You are weak. (Str -2) [potion of
                  | mutation]
  1401 | D        | Gained mutation: Your mind is acute. (Int +2) [potion of
                  | mutation]
  1947 | D        | Reached skill level 5 in Fighting
  1948 | D        | Noticed an orc knight
  1960 | D        | Reached skill level 15 in Dodging
  1985 | D        | Killed an orc knight
  2092 | D        | Found Lehaowig's Armour Emporium.
  2092 | D        | Reached skill level 16 in Stealth
  2092 | D        | Reached XP level 10. HP: 53/53 MP: 20/20
  2092 | D        | Noticed a deep troll
  2092 | D        | Noticed an ogre mage
  2092 | D        | Noticed a deep troll
  2103 | D        | Found Ejeggeocko's Antique Weapon Shoppe.
  2103 | D        | Found Luebafom's Assorted Antiques.
  2103 | D        | Found Jieh's Antique Weapon Shoppe.
  2103 | D        | Noticed a deep troll
  2103 | D        | Noticed a stone giant
  2103 | D        | Killed an ogre mage
  2108 | D        | Reached skill level 17 in Stealth
  2108 | D        | Noticed a deep troll
  2109 | D        | Mangled by a deep troll
  2110 | D        | Reached XP level 9. HP: 1/51 MP: 16/19
  2186 | D        | Noticed a troll
  2186 | D        | Reached skill level 15 in Unarmed Combat
  2186 | D        | Noticed an unseen horror
  2186 | D        | Reached XP level 10. HP: 56/56 MP: 19/21
  2186 | D        | Noticed an eight-headed hydra
  2186 | D        | Noticed a two-headed ogre
  2193 | D        | Killed an unseen horror
  2194 | D        | Noticed an ice dragon
  2195 | D        | Killed an eight-headed hydra
  2204 | D        | Noticed a stone giant
  2206 | D        | Killed a two-headed ogre
  2210 | D        | Noticed a fire giant
  2217 | D        | Reached skill level 18 in Stealth
  2217 | D        | Noticed a deep troll earth mage
  2217 | D        | Noticed a deep troll earth mage
  2217 | D        | Noticed a water nymph
  2217 | D        | a water nymph changed into a floating eye
  2224 | D        | Killed an ice dragon
  2225 | D        | Slain by a stone giant

Skill      XL: |  1  2  3  4  5  6  7  8  9 10 |
---------------+-------------------------------+-----
Unarmed Combat | 4 5 6 9 12 13 15 | 15.8
Stealth        | 4 6 7 10 12 11 14 16 18 | 18.1
Fighting       | 4 8 9 |  9.2
Dodging        | 6 7 9 10 13 14 15 17 | 17.0
Invocations    | 4 6 7 10 11 12 14 | 14.1

Action                   |  1- 3 |  4- 6 |  7- 9 | 10-12 || total
-------------------------+-------+-------+-------+-------++-------
Melee: Unarmed           |    17 |    24 |   165 |    46 ||   252
       Bite              |     2 |       |    18 |     6 ||    26
       Punch             |       |       |    12 |     4 ||    16
Invok: Line Pass         |       |       |    14 |     3 ||    17
  Use: Potion            |       |       |     7 |     1 ||     8
 Stab: Sleeping          |       |     3 |     6 |     1 ||    10
       Paralysed         |       |       |    11 |     4 ||    15
       Distracted        |       |       |     2 |       ||     2
       Confused          |       |       |     8 |     3 ||    11
  Eat: Chunk             |     4 |       |    12 |       ||    16
Armor: Skin              |     1 |       |     3 |       ||     4
Dodge: Dodged            |    14 |    17 |   179 |    60 ||   270
